AoeStats
← Malik Bhai

Golden Pit

507703773Analyzed
1v1 RM · 13d ago on Sep 19, 2026· 26m 35s· 2 players
Game mode
Random Map
Map size
Tiny (2 player)
Population
200
Speed
Normal
Resources
Standard
Victory
Conquest
Starting age
Dark Age
Ending age
Imperial Age
RankedLock teamsTeams togetherTeam positionsShared explorationLock speedFull tech treeHidden civsTurbo modeCheats
Victory
Defeat
🇪🇸 Italians · Spain
2009
+6
🇵🇰 Sicilians · Pakistan
1760
-6
OSO_CT
6:09 Loom
8:52 Feudal Age
12:40 Wheelbarrow
13:09 Double-Bit Axe
19:59 Castle Age
18:06 Fletching
19:15 Horse Collar
20:04 Crossbowman
20:44 Bodkin Arrow
23:02 Bow Saw
Malik Bhai
6:50 Loom
9:12 Feudal Age
10:23 Double-Bit Axe
10:39 Horse Collar
12:56 Fletching
20:34 Castle Age
18:56 Padded Archer Armor
19:21 Gold Mining
21:10 Bodkin Arrow
21:35 Crossbowman
Connection lost

Rejoining the realm…

Still unreachable

The connection could not be restored.

Session expired

The server has moved on; the page needs a fresh start.